 Dungeon Crawl Stone Soup version 0.21.1-1-g345015f (webtiles) character file.

32 Labyrinth the Firebug (level 3, -3/26 HPs)
             Began as a Draconian Fire Elementalist on July 26, 2018.
             Killed by divine providence
             ... invoked by an orc priest
              (14 damage)
             ... on level 2 of the Dungeon.
             The game lasted 00:05:03 (1468 turns).

Labyrinth the Firebug (Draconian Fire Elementalist) Turns: 1468, Time: 00:05:04

Health: -3/26      AC:  6    Str: 11    XL:     3   Next: 8%
Magic:  0/6        EV: 12    Int: 15    God:
Gold:   65         SH:  0    Dex: 11    Spells: 0/6 levels left

rFire    . . .     SeeInvis .   i - -1 short sword (curse)
rCold    . . .     Gourm    .   (no shield)
rNeg     . . .     Faith    .   (armour unavailable)
rPois    .         Spirit   .   (helmet restricted)
rElec    .         Reflect  .   g - +0 cloak
rCorr    .         Harm     .   (no gloves)
MR       .....                  (no boots)
Stlth    ++........             (no amulet)
HPRegen  0.08/turn              (no ring)
MPRegen  0.10/turn              (no ring)

@: very slightly contaminated
A: unfitting armour, cold-blooded, AC +5
a: no special abilities


You were on level 2 of the Dungeon.
You were hungry.

You visited 1 branch of the dungeon, and saw 2 of its levels.

You collected 65 gold pieces.

Inventory:

Hand Weapons
 c - a +0 hunting sling
 h - a +0 spear
 i - a cursed -1 short sword (weapon)
Missiles
 d - 28 arrows
 j - 15 sling bullets
 k - 11 poisoned needles (quivered)
 l - 50 bolts
Armour
 g - a +0 cloak (worn)
Scrolls
 f - 2 scrolls of amnesia
Potions
 e - a potion of curing
Books
 a - a book of Flames

   Spells                             Type                      Level
   a - Flame Tongue                   Conjuration/Fire             1
   b - Throw Flame                    Conjuration/Fire             2
   c - Conjure Flame                  Conjuration/Fire             3
   d - Inner Flame                    Hexes/Fire                   3
   e - Sticky Flame                   Conjuration/Fire             4
   f - Fireball                       Conjuration/Fire             5
Comestibles
 b - 4 rations
 m - a chunk of flesh


   Skills:
 + Level 2.0 Dodging
 + Level 1.9 Stealth
 + Level 2.1 Spellcasting
 + Level 1.2 Conjurations
 + Level 3.8 Fire Magic


You couldn't memorise any spells.
You knew the following spells:

 Your Spells              Type           Power        Failure   Level  Hunger
a - Flame Tongue          Conj/Fire      #....        8%          1    #......
b - Throw Flame           Conj/Fire      #.....       12%         2    ###....
c - Conjure Flame         Conj/Fire      #.......     22%         3    ###....


Dungeon Overview and Level Annotations

Branches:
Dungeon (2/15)

Altars:
Hepliaklqana
Xom


Innate Abilities, Weirdness & Mutations

Your plain brown scales are hard. (AC +5)
You cannot fit into any form of body armour.
You are cold-blooded and may be slowed by cold attacks.


Message History

Aim: an orc priest, wielding a short sword and wearing a ring mail (moderately wounded)
The flame tongue hits the orc priest.
The orc priest appears unharmed.
The orc priest is moderately wounded.
The orc priest hits you with a short sword.
The orc barely misses you.
You hit the orc priest but do no damage.
The orc priest is moderately wounded.
The orc priest begins to cast a cantrip, but forgets the words!
The orc barely misses you.
You hit the orc priest but do no damage.
The orc priest is moderately wounded.
The orc priest hits you with a short sword.
The wyvern hisses menacingly.
The orc barely misses you.
You barely miss the orc priest.
The orc priest is moderately wounded.
The orc priest mumbles some strange prayers to Beogh against you.
Beogh smites you!
Ouch! That really hurt!
You die...

................#.........####
##.....#######.....###
#.<..####.######..##
#.#...##ยง#l##.'....####
#...###Z#####.#.......## #..##
#l#_...##.......## ....#
###.8.##.........# ......#
###o._####.......# ....##.#
#lo@### #.......# #### #..
#'### ##.....## .. #.
##.....## oo #.......# ..#
#.......# ..# #.......# .b#
##.....## ... ##...## #####


You could see a spectral ugly thing, 2 wyverns, an orc priest, an orc and a
leopard gecko.

Vanquished Creatures
  An orc (D:2)
  6 bats
  2 goblins (D:1)
  A hobgoblin (D:2)
  7 jackals (D:1)
  A frilled lizard (D:1)
  5 kobolds (D:1)
  7 rats
30 creatures vanquished.

Notes
Turn   | Place    | Note
-------+----------+-------------------------------------------
     0 | D:1      | Labyrinth the Draconian Fire Elementalist began the quest for the Orb.
     0 | D:1      | Reached XP level 1. HP: 14/14 MP: 3/3
   399 | D:1      | Reached XP level 2. HP: 20/20 MP: 1/5
   403 | D:1      | Learned a level 2 spell: Throw Flame
  1342 | D:2      | Reached XP level 3. HP: 26/26 MP: 2/6
  1347 | D:2      | Learned a level 3 spell: Conjure Flame
  1419 | D:2      | Found a shimmering altar of Xom.
  1421 | D:2      | Found a hazy altar of Hepliaklqana.
  1421 | D:2      | Noticed a wyvern
  1422 | D:2      | Noticed a spectral ugly thing
  1422 | D:2      | Noticed a wyvern
  1468 | D:2      | Killed from afar by an orc priest

Skill      XL: |  1  2 |
---------------+-------+-----
Dodging        | 2 |  2.0
Stealth        | |  1.9
Spellcasting   | |  2.1
Conjurations   | |  1.2
Fire Magic     | |  3.8

Action                   || total
-------------------------++-------
Melee: Short sword       ||    54
       Spear             ||     2
       Tailslap          ||     7
 Cast: Flame Tongue      ||    35
       Throw Flame       ||     3
  Use: Scroll            ||     5
  Eat: Chunk             ||     2
Armor: Skin              ||    23
Dodge: Dodged            ||    50
